 Dungeon Crawl Stone Soup version 0.18.1-5-g4a78601 (webtiles) character file.

998 Northaan the Cleaver (level 8, -5/73 HPs)
             Began as a Hill Orc Fighter on May 14, 2016.
             Slain by Denapoli's ghost (14 damage)
             ... on level 5 of the Dungeon.
             The game lasted 00:09:45 (4917 turns).

Northaan the Cleaver (Hill Orc Fighter)             Turns: 4917, Time: 00:09:45

Health: -5/73      AC: 16    Str: 20    XL:     8   Next: 19%
Magic:  8/8        EV:  3    Int:  8    God:
Gold:   316        SH:  9    Dex: 11    Spells: 0 memorised, 7 levels left

rFire  . . .     SeeInvis .     a - +0 war axe
rCold  . . .     Gourm    .     x - +1 plate armour
rNeg   . . .     Faith    .     c - +0 shield
rPois  .         Spirit   .     (no helmet)
rElec  .         Dismiss  .     (no cloak)
rCorr  .         Reflect  .     i - +0 pair of gloves
SustAt .         Harm     .     (no boots)
MR     .....                    u - amulet of magic regeneration
Stlth  ..........               h - +3 ring of protection
                                t - ring of loudness (curse)

@: not resistant to hostile enchantments, extremely unstealthy
A: no striking features
a: no special abilities


You were on level 5 of the Dungeon.
You were hungry.

You visited 1 branch of the dungeon, and saw 6 of its levels.
You also visited: Sewer.

You collected 316 gold pieces.

Inventory:

Hand Weapons
 a - a +0 war axe (weapon)
 y - the +7 whip "Aheiwn" {speed, rPois rC+ rN+ Str-4}
   (You found it on level 5 of the Dungeon)

   Attacks with this weapon are significantly faster.
   It affects your strength (-4).
   It protects you from cold.
   It protects you from poison.
   It protects you from negative energy.
Armour
 b - a +0 scale mail
 c - a +0 shield (worn)
 i - a +0 pair of gloves (worn)
 s - a +3 ring mail
 x - a +1 plate armour (worn)
Jewellery
 h - a +3 ring of protection (right hand)
 k - an uncursed ring of wizardry
 t - a cursed ring of loudness (left hand)
 u - an amulet of magic regeneration (around neck)
 A - an uncursed ring of positive energy {unknown}
Scrolls
 e - 9 scrolls of identify
 g - a scroll of random uselessness
 l - a scroll of fear
 o - 2 scrolls of amnesia
 r - 2 scrolls of teleportation
 B - a scroll of noise {unknown}
Potions
 d - 2 potions of might
 m - a potion of haste {unknown}
 p - a potion of lignification {unknown}
 v - 2 potions of curing {unknown}
 w - a potion of brilliance {unknown}
 z - a potion of flight {unknown}
Comestibles
 f - 4 bread rations
 j - a beef jerky
 n - a meat ration


   Skills:
 + Level 7.3 Fighting
 * Level 10.1 Axes
 - Level 3.2 Armour
 - Level 3.2 Shields


You had 7 spell levels left.
You didn't know any spells.

Dungeon Overview and Level Annotations

Branches:
Dungeon (6/15)
 Temple: D:4-7

Altars:
Fedhas
Gozag
Kikubaaqudgha
Pakellas
Yredelemnul

Annotations:
D:3 Northaan's ghost, amateur HOFi
D:5 Denapoli's ghost, amateur CeHu
D:6 Denapoli's ghost, novice CeHu; Sigmund


Message History

Denapoli's ghost hits you.
* * * LOW HITPOINT WARNING * * *
You block something's attack.
Deactivating autopickup; reactivate with Ctrl-A.
Denapoli's ghost hits you but does no damage.
There is a stone staircase leading up here.
Things that are here:
a sky beast corpse; a jackal corpse Something hits you but does no damage.
Denapoli's ghost hits you but does no damage.
You climb upwards.
Level annotation: Denapoli's ghost, amateur CeHu You block Denapoli's ghost's attack.
An iguana comes into view.
There is a stone staircase leading down here.
The iguana hisses angrily.
Denapoli's ghost hits you.
* * * LOW HITPOINT WARNING * * *
You are electrocuted!
You die...

....<..#.##.# ###
####...^######
.###..##.##.###.###.......#
.###.รท.................#..#
............###..##.####..#
.####.##.#### #..##.##....#
## #.##.# #..##.##.##.# #.
#.##.######..##.##.##.# #.
#.##..l...>.#.#.......# ##.
..#########W@#####.#### #..
..# #..........######..
#..#####........... #..##
#...####.... #...####...#
#.... #.#........######..
####...####...........
####.#######.....##
###.###.####
#.............#..# #.#


You could see an iguana and Denapoli's ghost.

Vanquished Creatures
  The ghost of Yermak the Sneak, a novice VSCj (D:4)
  Purgy (Sewer)
  A sky beast (D:6)
  A black bear (D:3)
  A phantom (D:5)
  A scorpion (D:3)
  3 hounds
  An orc wizard (D:4)
  3 centaur skeletons
  A hound skeleton (D:4)
  A gnoll (D:1)
  A river rat (D:5)
  4 adders
  3 oozes
  2 worms (D:2)
  3 dart slugs
  5 giant geckos
  3 orcs (D:4)
  A ball python (D:5)
  5 bats
  9 giant cockroaches
  6 goblins
  5 hobgoblins (D:1)
  3 jackals (D:6)
  10 kobolds
  A quokka (D:5)
  A giant gecko skeleton (D:4)
  3 giant newts
  A jackal skeleton (D:5)
  4 rats
85 creatures vanquished.

Notes
Turn   | Place    | Note
--------------------------------------------------------------
     0 | D:1      | Northaan the Hill Orc Fighter began the quest for the Orb.
     0 | D:1      | Reached XP level 1. HP: 19/19 MP: 1/1
    54 | D:1      | Reached skill level 3 in Axes
   292 | D:1      | Reached XP level 2. HP: 10/27 MP: 2/2
   940 | D:1      | Reached XP level 3. HP: 32/33 MP: 3/3
   958 | D:1      | Reached skill level 4 in Axes
  1837 | D:2      | Reached XP level 4. HP: 41/41 MP: 4/4
  2011 | D:3      | Noticed Northaan's ghost (amateur HOFi)
  2083 | D:3      | Reached skill level 5 in Axes
  2083 | D:3      | Reached XP level 5. HP: 32/47 MP: 5/5
  2256 | D:3      | Found a basalt altar of Yredelemnul.
  2258 | D:3      | Found an opulent altar of Gozag.
  2258 | D:3      | Found an oddly glowing altar of Pakellas.
  2268 | D:3      | Reached skill level 5 in Fighting
  2375 | D:3      | Noticed a black bear
  2384 | D:3      | Killed a black bear
  2384 | D:3      | Reached skill level 6 in Axes
  2384 | D:3      | Reached XP level 6. HP: 46/56 MP: 6/6
  2582 | D:4      | Reached skill level 7 in Axes
  2792 | D:4      | Got a crude great sword
  2793 | D:4      | Identified the cursed +0 great sword of Unpleasantness {vamp, rC+ Dex+6} (You found it on level 4 of the Dungeon)
  3050 | D:4      | Noticed Yermak's ghost (novice VSCj)
  3060 | D:4      | Killed Yermak's ghost
  3060 | D:4      | Reached skill level 8 in Axes
  3060 | D:4      | Reached XP level 7. HP: 33/64 MP: 7/7
  3615 | D:4      | Found a blossoming altar of Fedhas.
  3616 | D:4      | Found an ancient bone altar of Kikubaaqudgha.
  3728 | D:5      | Entered Level 5 of the Dungeon
  3781 | D:5      | Found a glowing drain.
  3807 | D:5      | Got an ichor-stained whip
  3808 | D:5      | Identified the +7 whip "Aheiwn" {speed, rPois rC+ rN+ Str-4} (You found it on level 5 of the Dungeon)
  3834 | Sewer    | Entered a sewer
  3920 | Sewer    | Noticed Purgy
  3927 | Sewer    | Killed Purgy
  3927 | Sewer    | Reached skill level 9 in Axes
  4158 | D:5      | Noticed Denapoli's ghost (amateur CeHu)
  4465 | D:5      | Reached XP level 8. HP: 71/73 MP: 8/8
  4880 | D:6      | Noticed Denapoli's ghost (novice CeHu)
  4881 | D:6      | Noticed Sigmund
  4912 | D:6      | Reached skill level 10 in Axes
  4917 | D:5      | Slain by Denapoli's ghost

Skill      XL: |  1  2  3  4  5  6  7  8 |
---------------+-------------------------+-----
Axes           | 3 4 5 6 8 9 10 | 10.1
Fighting       | 4 5 6 7 |  7.3
Armour         | |  3.2
Shields        | |  3.2

Action                   |  1- 3 |  4- 6 |  7- 9 || total
-------------------------+-------+-------+-------++-------
Melee: War axe           |    82 |   132 |   118 ||   332
  Use: Scroll            |       |     1 |     7 ||     8
  Eat: Chunk             |     3 |     4 |     4 ||    11
       Beef jerky        |       |       |     1 ||     1
Armor: Scale mail        |    32 |    61 |       ||    93
       Plate armour      |       |       |    95 ||    95
Dodge: Dodged            |    22 |    57 |    20 ||    99
Block: Shield            |    39 |    83 |    63 ||   185
